 Dungeon Crawl Stone Soup version 0.27-a0-1189-gb8eb6cee8e (webtiles) character file.

Game seed: 14726503644180418405

35 polve the Cutter (level 3, -2/29 HPs)
             Began as a Demonspawn Fighter on May 22, 2021.
             Slain by Natasha (4 damage)
             ... on level 2 of the Dungeon.
             The game lasted 00:00:40 (1044 turns).

polve the Cutter (Demonspawn Fighter)               Turns: 1044, Time: 00:00:41

Health: -2/29      AC:  8    Str: 17    XL:     3   Next: 16%
Magic:  3/3        EV:  6    Int:  9    God:
Gold:   9          SH:  8    Dex: 12    Spells: 2/2 levels left

rFire    . . .     SeeInvis .   a - +0 rapier
rCold    . . .     Faith    .   c - +0 kite shield
rNeg     . . .     Spirit   .   b - +0 scale mail
rPois    .         Reflect  .   (no helmet)
rElec    .         Harm     .   (no cloak)
rCorr    .         Rampage  .   (no gloves)
Will     .....                  (no boots)
Stlth    ..........             (no amulet)
HPRegen  0.09/turn              (no ring)
MPRegen  0.08/turn              (no ring)

@: slowed, very slow
A: molten scales 1
a: no special abilities


You were on level 2 of the Dungeon.
You visited 1 branch of the dungeon, and saw 2 of its levels.

You collected 9 gold pieces.

Inventory:

Hand Weapons
 a - a +0 rapier (weapon)
Armour
 b - a +0 scale mail (worn)
 c - a +0 kite shield (worn)
 e - a +0 cloak
 k - a +0 pair of boots
Scrolls
 f - a scroll of enchant armour {unknown}
 g - a scroll of identify {unknown}
 j - a scroll of immolation {unknown}
 l - a scroll of noise {unknown}
 m - a scroll of silence {unknown}
Potions
 d - a potion of might
 h - 2 potions of heal wounds {unknown}
 i - a potion of curing {unknown}


   Skills:
 - Level 3.0 Fighting
 + Level 3.3 Short Blades
 - Level 2.6 Armour
 - Level 2.6 Shields


You had 2 spell levels left.
You didn't know any spells.
Your spell library was empty.

Dungeon Overview and Level Annotations

Branches:
Dungeon (2/15)

Altars:

Annotations:
D:2 Natasha


Innate Abilities, Weirdness & Mutations

You are partially covered in molten scales. (AC +2)


Message History

You puncture Natasha!
Natasha is heavily wounded.
You block the rat's attack. Natasha casts a spell at you.
You feel yourself slow down. The rat bites you but does no damage.
You block the rat's attack.
Natasha mumbles some strange words.
You hit the rat.
You kill the rat!
Natasha stares at you and mumbles some strange words.
The magic dart hits you.
You hit Natasha but do no damage.
Natasha is heavily wounded.
Natasha howls an incantation.
Natasha shimmers violently.
Natasha claws you.
* * * LOW HITPOINT WARNING * * *
Natasha claws you.
* * * LOW HITPOINT WARNING * * *
You hit Natasha.
Natasha is severely wounded.
You block Natasha's attack. x2
You barely miss Natasha.
Natasha is severely wounded.
You block Natasha's attack. Natasha claws you.
* * * LOW HITPOINT WARNING * * *
You barely miss Natasha.
Natasha is severely wounded.
You block Natasha's attack.
Natasha mumbles some strange words.
You hit Natasha.
Natasha is severely wounded.
The iron imp disappears in a puff of smoke!
Natasha barely misses you. The crimson imp barely misses you.
You block Natasha's attack.
You miss Natasha.
Natasha is severely wounded.
The crimson imp blinks!
Natasha completely misses you. Natasha claws you.
You die...

#......... ####
#......... ...#
#......... ##.#
#........? #.#
#......... #.#
#5######## #.#
#.# #.# #h# #.#
#@# #.# #ยง# #.#
#.# #.# #.# #.#
#.# #.# #.# #.#
#.#
#.#############.#
#...............#


You could see Natasha and a crimson imp (summoned).

Vanquished Creatures
  A gnoll (D:1)
  An adder (D:2)
  A dart slug (D:1)
  2 endoplasms (D:1)
  A giant cockroach (D:1)
  3 goblins
  2 hobgoblins (D:1)
  3 ball pythons (D:1)
  A rat (D:2)
15 creatures vanquished.

Notes
Turn   | Place    | Note
-------+----------+-------------------------------------------
     0 | D:1      | polve the Demonspawn Fighter began the quest for the Orb.
     0 | D:1      | Reached XP level 1. HP: 18/18 MP: 1/1
   447 | D:1      | Gained mutation: You are partially covered in molten
                  | scales. (AC +2) [demonic ancestry]
   447 | D:1      | Reached XP level 2. HP: 14/24 MP: 2/2
   799 | D:1      | Found a faded altar of an unknown god.
   956 | D:2      | Reached XP level 3. HP: 28/29 MP: 3/3
  1028 | D:2      | Noticed Natasha
  1041 | D:2      | HP: 1/29 [Natasha (3)]
  1044 | D:2      | Slain by Natasha

Illustrated notes

Levels and vault maps discovered:
D:1:      lordsloth_arrival_two_stooges, layout_rooms,
          chequers_ecumenical_altar_island
D:2:      layout_basic, uniq_natasha

Skill      XL: |  1  2 |
---------------+-------+-----
Short Blades   | 2 3 |  3.3
Fighting       | |  3.0
Armour         | |  2.6
Shields        | |  2.6

Action                   || total
-------------------------++-------
Melee: Rapier            ||    67
Armor: Scale mail        ||    25
Dodge: Dodged            ||    12
Block: Kite shield       ||    37

Table legend: (Time is in decaauts)
 A = Elapsed time spent in this place.
 B = Non-inter-level travel time spent in this place.
 C = Inter-level travel time spent in this place.
 D = Time resting spent in this place.
 E = Time spent auto-exploring this place.
 F = Levels seen in this place.
 G = Mean time per level.
                   A        B        C        D        E       F      G
               +--------+--------+--------+--------+--------+-----+--------+
         Total |   1076 |   1065 |     11 |      0 |    906 |   2 |  538.0 |
       Dungeon |   1076 |   1065 |     11 |      0 |    906 |   2 |  538.0 |
               +--------+--------+--------+--------+--------+-----+--------+

Top non-repeatable levels by time:
     D:1: 951 daAuts
     D:2: 124 daAuts
